 Dungeon Crawl Stone Soup version 0.28.0-47-ge53b351184 (webtiles) character file.

Game seed: 13574110101010166330

58 pkoi the Ruffian (level 3, -1/29 HPs)
             Began as a Demigod Gladiator on May 7, 2022.
             Slain by an ufetubus (4 damage)
             ... on level 2 of the Dungeon.
             The game lasted 00:02:05 (1975 turns).

pkoi the Ruffian (Demigod Gladiator)                Turns: 1975, Time: 00:02:06

Health: -1/29      AC:  7    Str: 17 (19) XL:     3   Next: 51%
Magic:  5/5        EV: 11    Int:  8 (10) God:
Gold:   46         SH:  0    Dex: 14 (15) Spells: 2/2 levels left

rFire   . . .      SeeInvis .     - Unarmed
rCold   . . .      Faith    .   (no shield)
rNeg    . . .      Spirit   .   e - +0 ring mail
rPois   .          Reflect  .   b - +0 helmet
rElec   .          Harm     .   (no cloak)
rCorr   .          Rampage  .   (no gloves)
Will    .....                   n - +0 pair of boots
Stlth   +.........              (no amulet)
HPRegen 0.09/turn               (no ring)
MPRegen 0.09/turn               (no ring)

@: no status effects
A: high MP 1, forlorn, divine attributes
a: no special abilities


You were on level 2 of the Dungeon.
You visited 1 branch of the dungeon, and saw 2 of its levels.

You collected 46 gold pieces.

Inventory:

Hand Weapons
 f - a +0 dagger
 g - a +0 hunting sling
 h - a +0 whip
 m - a +0 spear
Missiles
 c - 3 throwing nets
 d - 6 boomerangs of dispersal
 l - 68 stones
 o - 5 boomerangs (quivered)
Armour
 a - a +0 leather armour
 b - a +0 helmet (worn)
 e - a +0 ring mail (worn)
 n - a +0 pair of boots (worn)
Scrolls
 j - 2 scrolls of teleportation
Potions
 i - a potion of degeneration


   Skills:
 + Level 2.3 Fighting
 - Level 2.0 Throwing
 + Level 1.1 Armour
 + Level 3.0 Dodging
 + Level 3.3 Unarmed Combat


You had 2 spell levels left.
You didn't know any spells.
Your spell library was empty.

Dungeon Overview and Level Annotations

Branches:
Dungeon (2/15)


Innate Abilities, Weirdness & Mutations

You have an increased reservoir of magic. (+10% MP)
You shall have no god before yourself.
Your divine heritage dramatically boosts your attributes as you level up.


Message History

You hit the ufetubus.
The ufetubus is lightly wounded.
You feel sick.
The ufetubus hits you but does no damage.
The ufetubus closely misses you. The ufetubus hits you.
* * * LOW HITPOINT WARNING * * *
The ufetubus closely misses you.
You barely miss the ufetubus.
The ufetubus is lightly wounded.
You feel sick. The ufetubus barely misses you. The ufetubus closely misses you.
Unknown command.
You hit the ufetubus but do no damage.
The ufetubus is lightly wounded.
You feel sick. The ufetubus completely misses you.
The ufetubus hits you but does no damage.
You completely miss the ufetubus.
The ufetubus is lightly wounded.
You feel sick. The ufetubus closely misses you.
The ufetubus hits you but does no damage.
The ufetubus barely misses you. The ufetubus misses you.
Unknown command.
You hit the ufetubus but do no damage.
The ufetubus is lightly wounded.
You feel sick. The ufetubus closely misses you. x2
Unknown command.
You miss the ufetubus.
The ufetubus is lightly wounded.
You feel sick.
You are no longer poisoned.
The ufetubus hits you but does no damage. x4
Unknown command.
You closely miss the ufetubus.
The ufetubus is lightly wounded.
The ufetubus closely misses you. The ufetubus hits you.
* * * LOW HITPOINT WARNING * * *
Unknown command.
You completely miss the ufetubus.
The ufetubus is lightly wounded.
The ufetubus misses you. The ufetubus hits you.
You die...

#..#....###..###.# #...#
#.##...........#.####...#
.............#.#....##.##
................###....#
...................#..##
.................#....#**
...............#........#
...............###..#.###
..............g5@#..#..#
.............#####..####
,,..........##*,,....,,*
,>#..#..##### *,*#####,*
,,.,*#..*******,,,**,,,*
,,>,,##,*,,,,,***,******
,,,,,,,,,,*****,,,**,,,*
,,,,,*,,*** *,******,*
,,,,,**,,** *,,,,,,,,*


You could see an ufetubus and a goblin.

Vanquished Creatures
  2 adders (D:2)
  2 worms (D:2)
  A dart slug (D:2)
  4 ball pythons
  A giant cockroach (D:2)
  7 goblins (D:1)
  3 hobgoblins (D:1)
  2 quokkas
  A bat (D:2)
  2 frilled lizards
  3 kobolds
  3 rats (D:1)
31 creatures vanquished.

Notes
Turn   | Place    | Note
-------+----------+-------------------------------------------
     0 | D:1      | pkoi the Demigod Gladiator began the quest for the Orb.
     0 | D:1      | Reached XP level 1. HP: 17/17 MP: 3/3
   283 | D:1      | Reached XP level 2. HP: 24/24 MP: 4/4
  1433 | D:2      | Reached XP level 3. HP: 28/29 MP: 5/5
  1481 | D:2      | Reached skill level 1 in Armour
  1975 | D:2      | Slain by an ufetubus

Illustrated notes

Levels and vault maps discovered:
D:1:      dpeg_arrival_ternary, layout_basic
D:2:      layout_rooms, bh_walls_and_bars

Skill      XL: |  1  2  3 |
---------------+----------+-----
Unarmed Combat | 3 |  3.3
Fighting       | 2 |  2.3
Dodging        | 3 |  3.0
Armour         | 1 |  1.1
Throwing       | 2 |  2.0

Action                   || total
-------------------------++-------
Melee: Unarmed           ||   121
Throw: Boomerang         ||     8
  Use: Scroll            ||     4
       Potion            ||     3
 Stab: Sleeping          ||     1
Armor: Ring mail         ||    31
       Leather armour    ||     1
Dodge: Dodged            ||    71
